 Dungeon Crawl Stone Soup version 0.31-a0-321-g19405a7a6a (webtiles) character file.

Game seed: 7856058923437536006

3224 cforsyth the Grappler (level 9, -2/75 HPs)
             Began as a Vampire Shapeshifter on July 18, 2023.
             Was an Elder of Nemelex Xobeh.
             Slain by an acid dragon (5 damage)
             ... on level 8 of the Dungeon.
             The game lasted 00:11:09 (5679 turns).

cforsyth the Grappler (Vampire Shapeshifter)        Turns: 5679, Time: 00:11:10

Health: -2/75      AC: -4    Str: 18    XL:     9   Next: 66%
Magic:  11/11      EV: 12    Int: 11    God:    Nemelex Xobeh [****..]
Gold:   243        SH:  0    Dex: 20    Spells: 8/8 levels left

rFire   . .          .
                       - Unarmed
rCold   . . .        (no shield)
rNeg    . . .        f - +0 troll leather armour {Pargi}
rPois   .            (helmet currently unavailable)
rElec   .            (cloak currently unavailable)
rCorr   .            (gloves currently unavailable)
SInv    +            (boots currently unavailable)
Will    .....        (no amulet)
Stlth   +            u - +6 ring of dexterity
HPRegen 1.32/turn    (no ring)
MPRegen 0.12/turn

%: no passive effects
@: beast-form, corroded, healing quickly
A: beast (slay +3), alive, fangs 3, see invisible, vampiric 2
a: Exsanguinate, Begin Untransformation, Renounce Religion, Draw Escape, Draw
Destruction, Draw Summoning, Triple Draw, Deal Four


You were on level 8 of the Dungeon.
You worshipped Nemelex Xobeh.
Nemelex Xobeh was greatly pleased with you.
You were a hulking beast.
You visited 1 branch of the dungeon, and saw 8 of its levels.

You collected 313 gold pieces.
You spent 70 gold pieces at shops.

Inventory:

Armour
 a - a +0 animal skin
 f - a +0 troll leather armour (worn) {Pargi}
Jewellery
 u - a +6 ring of dexterity (left hand)
Talismans
 c - a beast talisman
Wands
 s - a wand of roots (8)
 t - a wand of paralysis (22)
 w - a wand of mindburst (13)
Scrolls
 e - 4 scrolls of blinking {unknown}
 k - 2 scrolls of enchant armour {unknown}
 l - a scroll of amnesia {unknown}
 n - 2 scrolls of enchant weapon {unknown}
 p - a scroll of identify
 q - 6 scrolls of teleportation
 x - 2 scrolls of vulnerability {unknown}
 y - a scroll of immolation {unknown}
 A - 2 scrolls of poison {unknown}
 B - a scroll of fear {unknown}
 C - 2 scrolls of fog {unknown}
Potions
 b - a potion of lignification
 d - a potion of ambrosia {unknown}
 g - a potion of brilliance {unknown}
 h - 2 potions of enlightenment {unknown}
 i - 3 potions of might
 j - 2 potions of berserk rage {unknown}
 m - 2 potions of curing
 o - a potion of invisibility {unknown}
 r - 2 potions of haste {unknown}
 v - 2 potions of heal wounds {unknown}
 z - 2 potions of resistance {unknown}


   Skills:
 + Level 8.3 Fighting
 - Level 2.1 Dodging
 + Level 10.0 Unarmed Combat
 + Level 3.2 Invocations
 + Level 4.8 Shapeshifting


You had 8 spell levels left.
You didn't know any spells.
Your spell library contained the following spells:

 Spells                   Type           Power      Damage    Failure   Level
 Dazzling Flash           Conj/Hex       0%         N/A       77%         3
 Volatile Blastmotes      Fire/Tloc      0%         2d10      77%         3
 Starburst                Conj/Fire      0%         6d3       100%        6
 Maxwell's Capacitive Co  Air            0%         ∞         100%        8


Dungeon Overview and Level Annotations

Branches:
Dungeon (8/15)             Temple (0/1) D:6
   Lair: D:8-11

Altars:
Hepliaklqana
Nemelex Xobeh
Okawaru
Sif Muna
Trog
Yredelemnul

Shops:
D:2 [:*=   D:3 ?   D:6 ?   D:8 [


Innate Abilities, Weirdness & Mutations

You are a hulking beast.
Your limbs bulge with bestial killing power. (Slay +3)
Your natural rate of healing is accelerated.
You have razor-sharp teeth.
You have supernaturally acute eyesight. (SInv)
You are afflicted with vampirism and can become a bat while bloodless.


Message History

An acid dragon is nearby!
Found a scroll labelled KOEWKI ETWA.
Found 4 javelins.
The acid dragon spits acid at you. The splash of acid hits you!!
The acid corrodes you! The acid dragon closely misses you.
The acid dragon claws you.
You hit the acid dragon. Your bite misses the acid dragon.
The acid dragon is lightly wounded.
You closely miss the acid dragon.
The acid dragon is lightly wounded.
The acid dragon barely misses you. The acid dragon claws you.
You closely miss the acid dragon. Your punch misses the acid dragon.
The acid dragon is lightly wounded.
The acid dragon bites you! The acid dragon closely misses you.
You are too injured to fight recklessly!
You are too injured to fight recklessly!
You are too injured to fight recklessly!
You are too injured to fight recklessly!
You are too injured to fight recklessly!
You are too injured to fight recklessly!
You are too injured to fight recklessly!
You are too injured to fight recklessly!
You are too injured to fight recklessly!
You are too injured to fight recklessly!
You are too injured to fight recklessly!
You closely miss the acid dragon.
The acid dragon is lightly wounded.
The acid dragon bites you. The acid dragon claws you.
You punch the acid dragon! Your bite misses the acid dragon.
The acid dragon is severely wounded.
The acid dragon spits acid at you. The splash of acid hits you!!
* * * LOW HITPOINT WARNING * * *
The acid corrodes you!
Okay, then.
You feel better. The acid dragon bites you!
* * * LOW HITPOINT WARNING * * *
The acid dragon claws you.
You die...
Your body disappears without a glow.

### ##≈≈##
###§.∩≈#
##.#≈..§#
##....D≈#
#....h#
##....# .#
###..##....
###<..........
#........###?.
#............#
##.....##...##
##..... .#..#
##....#.....(


You could see an acid dragon (catching breath).

Vanquished Creatures
  Pikel (D:3)
  Maggie (D:6)
  A shadow (D:6)
  3 sky beasts
  A black bear (D:6)
  3 ice beasts
  A boggart (D:3)
  2 ogres
  A centaur (D:7)
  3 lemures
  A kobold brigand (D:6)
  4 scorpions
  4 wights (D:7)
  2 howler monkeys
  4 hounds
  3 jellies
  Terence (D:2)
  3 orc wizards
  2 iguanas (D:6)
  9 gnolls
  7 adders
  A shadow imp (D:7)
  A white imp (D:7)
  4 worms
  4 dart slugs
  13 orcs
  6 ball pythons
  7 endoplasms
  2 giant cockroaches (D:1)
  6 hobgoblins
  2 jackals (D:1)
  4 quokkas
  2 bats
  3 frilled lizards
  7 goblins
  10 kobolds
  4 rats
133 creatures vanquished.

Vanquished Creatures (collateral kills)
  Duvessa (D:4)
  Dowan (D:4)
  Ijyb (D:4)
  A goblin (D:4)
4 creatures vanquished.

Grand Total: 137 creatures vanquished

Notes
Turn   | Place    | Note
-------+----------+-------------------------------------------
     0 | D:1      | cforsyth the Vampire Shapeshifter began the quest for the
                  | Orb.
     0 | D:1      | Reached XP level 1. HP: 16/16 MP: 1/1
    97 | D:1      | Reached XP level 2. HP: 21/22 MP: 2/2
   536 | D:1      | Reached skill level 3 in Unarmed Combat
   808 | D:2      | Found Ete Kyhi's Antique Armour Shop.
   817 | D:2      | Found Xedut's Book Shop.
   944 | D:2      | Found a faded altar of an unknown god.
   967 | D:2      | Prayed at the altar of an unknown god.
   967 | D:2      | Became a worshipper of Nemelex Xobeh the Trickster
   967 | D:2      | Reached * piety under Nemelex Xobeh
   984 | D:2      | Gained mutation: You are afflicted with vampirism and can
                  | become a bat while bloodless. [Vampire growth]
   984 | D:2      | Reached XP level 3. HP: 18/28 MP: 3/3
   995 | D:2      | Found Yleveesch's General Store.
  1034 | D:2      | Found a shimmering blue altar of Sif Muna.
  1085 | D:2      | Found Amomp's Jewellery Emporium.
  1276 | D:2      | Noticed Terence
  1292 | D:2      | Killed Terence
  1293 | D:2      | Reached XP level 4. HP: 19/35 MP: 4/4
  1651 | D:2      | Reached skill level 4 in Unarmed Combat
  1917 | D:3      | Reached XP level 5. HP: 28/41 MP: 5/5
  2048 | D:3      | Found Gimoxadi's Magic Scroll Boutique.
  2051 | D:3      | Bought a scroll of identify for 28 gold pieces
  2051 | D:3      | Bought a scroll of teleportation for 42 gold pieces
  2452 | D:3      | Noticed Pargi
  2455 | D:3      | Received a gift from Nemelex Xobeh
  2459 | D:3      | Pargi changed into Pargi the boggart
  2459 | D:3      | Noticed Pargi
  2466 | D:3      | Killed Pargi the boggart
  2467 | D:3      | Reached skill level 5 in Unarmed Combat
  2546 | D:3      | Reached XP level 6. HP: 43/48 MP: 6/6
  2840 | D:4      | Noticed Ijyb
  2841 | D:4      | Noticed Dowan
  2843 | D:4      | Noticed Duvessa
  2853 | D:4      | Paralysed by Ijyb for 3 turns
  2861 | D:4      | Killed Ijyb
  2861 | D:4      | Killed Duvessa
  2862 | D:4      | Killed Dowan
  2907 | D:4      | Reached skill level 6 in Unarmed Combat
  2912 | D:4      | Noticed Pikel
  2968 | D:4      | Reached ** piety under Nemelex Xobeh
  2984 | D:4      | Reached skill level 5 in Fighting
  3028 | D:4      | Received a gift from Nemelex Xobeh
  3297 | D:3      | Killed Pikel
  3298 | D:3      | Reached skill level 7 in Unarmed Combat
  3298 | D:3      | Reached XP level 7. HP: 39/58 MP: 7/7
  3495 | D:4      | Found a hazy altar of Hepliaklqana.
  3508 | D:4      | Reached XP level 8. HP: 64/64 MP: 8/8
  3588 | D:5      | Entered Level 5 of the Dungeon
  3595 | D:5      | Found a bloodstained altar of Trog.
  3714 | D:5      | Reached skill level 8 in Unarmed Combat
  3758 | D:5      | Received a gift from Nemelex Xobeh
  4109 | D:6      | Reached *** piety under Nemelex Xobeh
  4124 | D:6      | Found a basalt altar of Yredelemnul.
  4124 | D:6      | Received a gift from Nemelex Xobeh
  4135 | D:6      | Reached skill level 9 in Unarmed Combat
  4311 | D:6      | Reached skill level 1 in Invocations
  4311 | D:6      | Reached XP level 9. HP: 67/73 MP: 9/9
  4431 | D:6      | Found a staircase to the Ecumenical Temple.
  4529 | D:6      | Found a shimmering blue altar of Sif Muna.
  4559 | D:6      | Found Qinluaps's Magic Scroll Boutique.
  4600 | D:6      | Found an iron altar of Okawaru.
  4649 | D:6      | Noticed Maggie
  4688 | D:6      | Killed Maggie
  5237 | D:7      | Received a gift from Nemelex Xobeh
  5595 | D:7      | Reached skill level 10 in Unarmed Combat
  5668 | D:8      | Reached **** piety under Nemelex Xobeh
  5669 | D:8      | Found Yxaod's Superior Scales.
  5679 | D:8      | HP: 3/75 [acid dragon (14)]
  5679 | D:8      | Slain by an acid dragon

Illustrated notes

Levels and vault maps discovered:
D:1:      psy_arrival_radial02, layout_basic, hangedman_decor_points
D:2:      layout_loops_ring, serial_shops, shop, shop, shop,
          nicolae_shop_hallway_stairs, shapermc_ecumenical_altar_venn,
          basic_altar, minmay_misc_feat_rugged, uniq_terence
D:3:      kb_forest_paths, layout_basic, serial_shops,
          nicolae_shop_tiny_real_fake_doors, uniq_pargi
D:4:      layout_rooms, lemuel_round_altar, minmay_pentomino_pile, uniq_pikel,
          uniq_duvessa, uniq_ijyb
D:5:      layout_cave_pools, kennysheep_mini, grunt_ministairs_11, st_stairs_1
D:6:      layout_basic, mainiacjoe_overflow_small_starburst,
          kennysheep_mini_moat, okawaru_gym_becter,
          minmay_temple_entry_enclosed_plants, serial_shops, shop, uniq_maggie
D:7:      layout_basic, serial_corexii_hall, corexii_hall_statues_deadend,
          corexii_hall_statues_l
D:8:      layout_cave_pools, kennysheep_decorative_pillar, hellmonk_scale_shop,
          uniq_joseph

Skill      XL: |  1  2  3  4  5  6  7  8  9 |
---------------+----------------------------+-----
Fighting       | 2 3 4 6 7 8 |  8.3
Unarmed Combat | 3 4 5 7 9 10 | 10.0
Invocations    | 1 3 |  3.2
Shapeshifting  | 4 |  4.8
Dodging        | |  2.1

Action                     |  1- 3 |  4- 6 |  7- 9 || total
---------------------------+-------+-------+-------++-------
  Melee: Unarmed           |    93 |   149 |   241 ||   483
         Bite              |    11 |    18 |    30 ||    59
         Punch             |     1 |     4 |    16 ||    21
 Invoke: Draw Destruction  |       |     2 |       ||     2
         Draw Summoning    |       |     1 |       ||     1
    Use: Scroll            |       |     2 |     1 ||     3
         Potion            |       |       |     2 ||     2
   Stab: Sleeping          |     1 |     2 |     1 ||     4
 Armour: Animal skin       |    13 |     6 |       ||    19
         Troll leather arm |       |    12 |    26 ||    38
         Skin              |       |       |     8 ||     8
  Dodge: Dodged            |    45 |    97 |   108 ||   250

Table legend: (Time is in decaauts)
 A = Elapsed time spent in this place.
 B = Non-inter-level travel time spent in this place.
 C = Inter-level travel time spent in this place.
 D = Time resting spent in this place.
 E = Time spent auto-exploring this place.
 F = Levels seen in this place.
 G = Mean time per level.
                   A        B        C        D        E       F      G
               +--------+--------+--------+--------+--------+-----+--------+
         Total |   5625 |   5467 |    158 |    345 |   3916 |   8 |  703.1 |
       Dungeon |   5625 |   5467 |    158 |    345 |   3916 |   8 |  703.1 |
               +--------+--------+--------+--------+--------+-----+--------+

Top non-repeatable levels by time:
     D:3: 1158 daAuts
     D:2: 1057 daAuts
     D:1: 805 daAuts
     D:7: 787 daAuts
     D:6: 781 daAuts
     D:4: 549 daAuts
     D:5: 475 daAuts
     D:8: 9 daAuts
